AoeStats
← |GaoeG| flamingo

Four Lakes

508859605Analyzed
1v1 RM · 7d ago on Sep 24, 2026· 47m 19s· 2 players
Game mode
Random Map
Map size
Tiny (2 player)
Population
200
Speed
Normal
Resources
Standard
Victory
Conquest
Starting age
Dark Age
Ending age
Imperial Age
RankedLock teamsTeams togetherTeam positionsShared explorationLock speedFull tech treeHidden civsTurbo modeCheats
Victory
Defeat
🇪🇸 Huns · Spain
1361
+17
🇩🇪 Italians · Germany
1376
-17
|GaoeG| flamingo
6:46 Loom
9:20 Feudal Age
10:06 Double-Bit Axe
13:09 Forging
16:35 Fletching
18:44 Wheelbarrow
22:23 Castle Age
21:11 Bloodlines
22:13 Gold Mining
23:13 Husbandry
23:23 Scale Barding Armor
26:13 Gold Shaft Mining
31:27 Iron Casting
32:18 Sanctity
40:43 Imperial Age
42:04 Conscription
43:48 Cavalier
45:00 Chain Barding Armor
Agevenger
7:24 Loom
9:42 Feudal Age
9:49 Man-at-Arms
17:37 Bloodlines
18:07 Forging
20:01 Scale Barding Armor
23:32 Castle Age
25:24 Chain Barding Armor
25:48 Husbandry
27:06 Wheelbarrow
31:15 Iron Casting
42:04 Imperial Age
40:47 Fletching
46:43 Wheelbarrow
48:07 Wheelbarrow
Connection lost

Rejoining the realm…

Still unreachable

The connection could not be restored.

Session expired

The server has moved on; the page needs a fresh start.